 Dungeon Crawl Stone Soup version 0.24-a0-530-g18ba70b503 (webtiles) character file.

Game seed: 5650961078414743951

1495 BinkBink the Cudgeler (level 8, -9/73 HPs)
             Began as a Deep Dwarf Berserker on Aug 7, 2019.
             Was a Follower of Lugonu.
             Mangled by a reaper
             ... wielding a +0 scythe of venom
              (39 damage)
             ... on level 3 of the Abyss.
             The game lasted 00:21:22 (4968 turns).

BinkBink the Cudgeler (Deep Dwarf Berserker)        Turns: 4968, Time: 00:21:23

Health: -9/73      AC: 13    Str: 22    XL:     8   Next: 51%
Magic:  0/2        EV: 15    Int: 16    God:    Lugonu [*.....]
Gold:   382        SH:  0    Dex: 19    Spells: 7/7 levels left

rFire    . . .     SeeInvis .   s - +0 mace "Mouggud" {flame, rC+ Dex+7 Stlth-}
rCold    + + .     Gourm    .   (no shield)
rNeg     . . .     Faith    .   B - +5 ring mail {rC+}
rPois    .         Spirit   .   (no helmet)
rElec    .         Reflect  .   (no cloak)
rCorr    .         Harm     .   v - +1 pair of gloves
MR       +....                  (no boots)
Stlth    ..........             (no amulet)
HPRegen  0.00/turn              d - ring of flight
MPRegen  0.08/turn              o - ring "Kacagoy" {EV+1 Int+7}

@: lethally poisoned (-9 -> -29), non-regenerating
A: damage resistance, heal wounds, sense surroundings 1, no regeneration
a: Heal Wounds, Depart the Abyss, Renounce Religion, Evoke Flight


You were on level 3 of the Abyss.
You worshipped Lugonu.
Lugonu was aware of your devotion.
You were not hungry.

You visited 1 branch of the dungeon, and saw 5 of its levels.
You visited the Abyss 1 time.
You also visited: Ossuary.

You collected 382 gold pieces.

Inventory:

Hand Weapons
 m - a +4 spear
 n - a +6 club
 s - the +0 mace "Mouggud" (weapon) {flame, rC+ Dex+7 Stlth-}
   (You found it on level 4 of the Dungeon)

   It has been specially enchanted to burn those struck by it, causing extra
   injury to most foes and up to half again as much damage against particularly
   susceptible opponents.
   It affects your dexterity (+7).
   It protects you from cold.
   It makes you less stealthy.
Missiles
 e - 9 sling bullets
Armour
 v - a +1 pair of gloves (worn)
 B - a +5 ring mail of cold resistance (worn)
Jewellery
 d - a ring of flight (left hand)
 o - the ring "Kacagoy" (right hand) {EV+1 Int+7}
   (You acquired it in an ossuary)

   [ring of evasion]

   It affects your evasion (+1).
   It affects your intelligence (+7).
Wands
 i - a wand of polymorph (7)
 t - a wand of random effects (14)
Scrolls
 a - a scroll of blinking
 b - a scroll of enchant weapon
 g - a scroll of identify
 j - 4 scrolls of magic mapping
 q - 3 scrolls of remove curse
Potions
 f - a potion of invisibility {unknown}
 l - 3 potions of lignification
 p - a potion of mutation {unknown}
 u - a potion of berserk rage {unknown}
 x - a potion of flight
 z - a potion of might
 A - 2 potions of curing {unknown}
Comestibles
 c - 7 rations


   Skills:
 + Level 4.9 Fighting
   Level 4.2 Long Blades
 + Level 5.3 Maces & Flails
 + Level 2.8 Polearms
   Level 3.7 Slings
 + Level 3.7 Armour
 + Level 5.0 Dodging
 + Level 1.3 Stealth


You had 7 spell levels left.
You didn't know any spells.
Your spell library contained the following spells:

 Spells                   Type           Power        Failure   Level  Hunger
 Magic Dart               Conj           #...         36%         1    ##.....
 Searing Ray              Conj           #.....       52%         2    ###....
 Dazzling Spray           Conj/Hex       #.....       75%         3    ####...
 Force Lance              Conj/Tloc      #.......     98%         4    #####..
 Fulminant Prism          Conj/Hex       #.........   98%         4    #####..
 Iskenderun's Mystic Bla  Conj           #.......     98%         4    #####..


Dungeon Overview and Level Annotations

Branches:
Dungeon (5/15)             Temple (0/1) D:4

Altars:
Elyvilon
Gozag
Makhleb
Nemelex Xobeh
Sif Muna
Trog
Uskayaw

Annotations:
D:5 Edmund


Innate Abilities, Weirdness & Mutations

You are resistant to damage.
You can heal yourself by infusing magical energy.
You passively map a small area around you.
You do not regenerate.


Message History

The reaper hits you from afar with a +0 scythe of venom!
You are more poisoned.
There is a corrupted altar of Lugonu, spattered with blood here.
You kneel at the altar of Lugonu.
You have lost your religion!
Trog does not appreciate desertion!
Your skin stops crawling.
You feel less resistant to hostile enchantments.
Lugonu welcomes you!
You can now depart the Abyss.
You feel very sick. Something hits you!
* * * LOW HITPOINT WARNING * * *
Okay, then.
Okay, then.
You feel much better.
You feel very sick.
The reaper hits you from afar with a +0 scythe of venom!!!
Ouch! That really hurt!
You die...

### ###
##.# #.##
+..#+#..+
#.......#
##..2.{##
#....@#
#..###..#
###+ +###


You could see a reaper.

Vanquished Creatures
  Grinder (D:5)
  Sigmund (D:4)
  Eustachio (D:5)
  A small abomination (Abyss:2)
  A hound (D:2)
  A gnoll shaman (D:5)
  4 orc priests
  An iron imp (Abyss:2)
  4 orc wizards
  Jessica (D:2)
  Ijyb (D:5)
  An iguana (D:5)
  2 worker ants (D:5)
  6 big kobold zombies (Ossuary)
  2 mummies
  A howler monkey skeleton (D:5)
  11 adders
  7 gnolls
  7 worms
  4 dart slugs
  A leopard gecko (D:2)
  14 orcs
  2 spectral bats (Ossuary)
  7 bats
  5 giant cockroaches
  6 goblins
  11 hobgoblins
  8 jackals
  4 kobolds
  3 ball pythons
  3 frilled lizards
  6 gnoll zombies (Ossuary)
  4 goblin zombies (Ossuary)
  2 hobgoblin zombies (Ossuary)
  4 kobold simulacra (Ossuary)
  4 kobold zombies (Ossuary)
  8 orc zombies (Ossuary)
  4 rats
  2 rat simulacra (Ossuary)
  3 spectral goblins (Ossuary)
  3 spectral kobolds (Ossuary)
  2 spectral rats (Ossuary)
164 creatures vanquished.

Vanquished Creatures (others)
  2 small abominations (Abyss:2)
2 creatures vanquished.

Grand Total: 166 creatures vanquished

Notes
Turn   | Place    | Note
-------+----------+-------------------------------------------
     0 | D:1      | BinkBink the Deep Dwarf Berserker began the quest for the
                  | Orb.
     0 | D:1      | Reached XP level 1. HP: 20/20 MP: 1/1
   121 | D:1      | Reached XP level 2. HP: 24/27 MP: 2/2
   785 | D:2      | Reached XP level 3. HP: 29/33 MP: 3/3
   899 | D:2      | Found a white marble altar of Elyvilon.
  1049 | D:2      | Reached skill level 1 in Slings
  1049 | D:2      | Reached XP level 4. HP: 37/42 MP: 4/4
  1050 | D:2      | Found a burning altar of Makhleb.
  1243 | D:2      | Found an opulent altar of Gozag.
  1250 | D:2      | Reached ** piety under Trog
  1270 | D:2      | Noticed Jessica
  1281 | D:2      | Killed Jessica
  1487 | D:2      | Reached XP level 5. HP: 42/49 MP: 5/5
  2052 | D:3      | Found a hide-covered altar of Uskayaw.
  2078 | D:3      | Reached skill level 1 in Polearms
  2259 | D:3      | Reached XP level 6. HP: 38/56 MP: 6/6
  2573 | D:4      | Got an encrusted mace
  2574 | D:4      | Identified the cursed +0 mace "Mouggud" {flame, rC+ Dex+7
                  | Stlth-} (You found it on level 4 of the Dungeon)
  2644 | D:4      | Found a bloodstained altar of Trog.
  2776 | D:4      | HP: 1/56 [orc priest/divine providence (12)]
  3124 | D:4      | Noticed Sigmund
  3221 | D:4      | Killed Sigmund
  3221 | D:4      | Reached skill level 1 in Maces & Flails
  3221 | D:4      | Reached skill level 1 in Stealth
  3234 | D:4      | Reached XP level 7. HP: 56/63 MP: 6/6
  3256 | D:4      | Found a staircase to the Ecumenical Temple.
  3354 | D:5      | Entered Level 5 of the Dungeon
  3354 | D:5      | Found a sparkling altar of Nemelex Xobeh.
  3389 | D:5      | HP: 3/63 [iguana (11)]
  3527 | D:5      | Found a deep blue altar of Sif Muna.
  3567 | D:5      | Noticed Ijyb
  3625 | D:5      | Noticed Edmund
  3701 | D:5      | Noticed Eustachio
  3732 | D:5      | Noticed Grinder
  3876 | D:5      | Found a sand-covered staircase.
  3882 | Ossuary  | Entered an ossuary
  4256 | Ossuary  | Reached *** piety under Trog
  4330 | Ossuary  | Identified a scroll of acquirement
  4331 | Ossuary  | Got a vibrating marble ring
  4332 | Ossuary  | Identified the ring "Kacagoy" {EV+1 Int+7} (You acquired it
                  | in an ossuary)
  4374 | D:5      | Reached XP level 8. HP: 32/73 MP: 6/6
  4406 | D:5      | Killed Ijyb
  4532 | D:5      | Killed Eustachio
  4578 | D:5      | Killed Grinder
  4578 | D:5      | Reached skill level 5 in Maces & Flails
  4702 | D:5      | Cast into level 2 of the Abyss (Edmund)
  4702 | Abyss:2  | Found a corrupted altar of Lugonu.
  4774 | Abyss:2  | Reached skill level 5 in Dodging
  4820 | Abyss:2  | Noticed a thrashing horror
  4829 | Abyss:2  | Noticed a phantasmal warrior
  4838 | Abyss:2  | Noticed an efreet
  4889 | Abyss:2  | Found a shattered altar of Ashenzari.
  4891 | Abyss:2  | Noticed a rakshasa
  4891 | Abyss:2  | Noticed a large abomination
  4896 | Abyss:2  | Noticed an efreet
  4914 | Abyss:2  | Noticed a freezing wraith
  4915 | Abyss:2  | Noticed a spatial maelstrom
  4934 | Abyss:2  | Noticed an eidolon
  4947 | Abyss:2  | Noticed a starcursed mass
  4948 | Abyss:2  | Noticed a tentacled starspawn
  4950 | Abyss:2  | Found a corrupted altar of Lugonu.
  4950 | Abyss:2  | Found a transporter.
  4950 | Abyss:2  | Noticed a starcursed mass
  4950 | Abyss:2  | Noticed a starcursed mass
  4950 | Abyss:2  | Noticed a thrashing horror
  4950 | Abyss:2  | Noticed a yellow draconian scorcher
  4951 | Abyss:2  | Noticed a dream sheep
  4951 | Abyss:2  | Noticed a two-headed ogre
  4951 | Abyss:2  | a dream sheep changed into a two-headed ogre
  4962 | Abyss:3  | Found a corrupted altar of Lugonu.
  4963 | Abyss:3  | Noticed a reaper
  4967 | Abyss:3  | Fell from the grace of Trog
  4967 | Abyss:3  | Became a worshipper of Lugonu the Unformed
  4967 | Abyss:3  | Reached * piety under Lugonu
  4968 | Abyss:3  | Mangled by a reaper

Levels and vault maps discovered:
D:1:      lemuel_arrival_rhombus, layout_basic, minmay_misc_feat_hallway
D:2:      minmay_angry_zag, layout_loops_corners, makhleb_blood_cavern_becter,
          overflow_temple_1_default, elyvilon_altar_1, uniq_jessica
D:3:      layout_loops_cross, nicolae_overflow_hidden_temple
D:4:      layout_basic, lemuel_crystal_altar, minmay_quadrilaterals,
          uniq_sigmund
D:5:      layout_rooms, nemelex_xobeh_ov_fountains_minmay, led_sif_pool,
          first_ration, gup_ossuary_entry_pyramid, uniq_grinder, uniq_ijyb,
          uniq_edmund, uniq_eustachio
Abyss:3:  evilmike_nicolae_abyss_rune_containment_curve,
          hangedman_abyss_or_decor_slice

Skill      XL: |  1  2  3  4  5  6  7  8 |
---------------+-------------------------+-----
Long Blades    | 4 |  4.2
Fighting       | 3 4 |  4.9
Slings         | 1 3 |  3.7
Polearms       | 1 2 |  2.8
Dodging        | 3 4 5 |  5.0
Maces & Flails | 1 3 5 |  5.3
Stealth        | 1 |  1.3
Armour         | 3 |  3.7

Action                   |  1- 3 |  4- 6 |  7- 9 || total
-------------------------+-------+-------+-------++-------
Melee: Falchion          |    21 |     2 |       ||    23
       Spear             |       |   161 |       ||   161
       Mace              |       |    50 |   445 ||   495
 Fire: Hunting sling     |    52 |    12 |       ||    64
Invok: Trog's Hand       |       |     8 |    15 ||    23
 Abil: Heal Wounds       |     1 |     6 |    15 ||    22
  Use: Scroll            |       |     9 |     6 ||    15
       Potion            |       |     4 |     1 ||     5
 Stab: Sleeping          |       |     2 |       ||     2
  Eat: Chunk             |       |     9 |     5 ||    14
       Ration            |       |       |     3 ||     3
Armor: Animal skin       |     8 |    22 |     7 ||    37
       Skin              |       |    17 |       ||    17
       Leather armour    |       |       |   118 ||   118
       Ring mail         |       |       |    52 ||    52
Dodge: Dodged            |    25 |   111 |   519 ||   655
       Rpst.: Falchion   |     5 |       |       ||     5

Table legend:
 A = Non-vault XP
 B = Vault XP
 C = Vault XP percentage of total XP
 D = Non-vault monster count
 E = Vault monster count
 F = Vault count percentage of total count
                 A         B        C        D         E       F
            +---------+---------+-------+---------+---------+-------
      Total |    1041 |    1095 |  51.3 |     105 |      59 |  36.0
            +---------+---------+-------+---------+---------+-------
        D:1 |      29 |       0 |   0.0 |      13 |       0 |   0.0
        D:2 |      87 |      97 |  52.7 |      23 |       6 |  20.7
        D:3 |     182 |       0 |   0.0 |      35 |       0 |   0.0
        D:4 |     113 |     229 |  67.0 |      10 |       2 |  16.7
        D:5 |     473 |     554 |  53.9 |      22 |       4 |  15.4
    Abyss:2 |     157 |       0 |   0.0 |       2 |       0 |   0.0
    Ossuary |       0 |     215 | 100.0 |       0 |      47 | 100.0
            +---------+---------+-------+---------+---------+-------
